 Dungeon Crawl Stone Soup version 0.30-a0-374-g95c0257040 (webtiles) character file.

Game seed: 12728952971869486783

4454 gruber the Frost Mage (level 10, -3/59 HPs)
             Began as a Gargoyle Ice Elementalist on Nov 26, 2022.
             Was a Believer of Vehumet.
             Slain by a polar bear (13 damage)
             ... on level 8 of the Dungeon.
             The game lasted 00:11:26 (9280 turns).

gruber the Frost Mage (Gargoyle Ice Elementalist)   Turns: 9280, Time: 00:11:27

Health: -3/59      AC: 21    Str: 12    XL:     10   Next: 37%
Magic:  8/13       EV: 12    Int: 29    God:    Vehumet [**....]
Gold:   761        SH:  0    Dex: 10    Spells: 2/13 levels left

rFire   + . .      SeeInvis +    w - +7 spear of Defilement {vorpal, rElec rF+ Int+3}
rCold   + . .      Faith    .    (no shield)
rNeg    + . .      Spirit   .    C - +1 leather armour {rC+}
rPois   ∞          Reflect  .    (no helmet)
rElec   +          Harm     .    (no cloak)
rCorr   .          Rampage  .    (no gloves)
Will    .....                    G - +0 pair of boots
Stlth   ++........               (no amulet)
HPRegen 0.29/turn                B - +6 ring of intelligence
MPRegen 0.13/turn                c - ring of see invisible

@: ice-armoured, frozen, freezing walls, very slow
A: sickness immunity, AC +7, negative energy resistance 1, electricity
resistance, torment resistance 1, petrification resistance
a: Renounce Religion


You were on level 8 of the Dungeon.
You worshipped Vehumet.
Vehumet was pleased with you.
You visited 2 branches of the dungeon, and saw 9 of its levels.
You also visited: Ossuary.

You collected 761 gold pieces.

Inventory:

Hand Weapons
 w - the +7 spear of Defilement (weapon) {vorpal, rElec rF+ Int+3}
   (You found it on level 3 of the Dungeon)

   It inflicts extra damage upon your enemies.
   Int:       It affects your intelligence (+3).
   rF:        It protects you from fire.
   rElec:     It insulates you from electricity.
Armour
 A - +0 acid dragon scales
 C - a +1 leather armour of cold resistance (worn)
 G - a +0 pair of boots (worn)
Jewellery
 a - a +6 ring of intelligence
 c - a ring of see invisible (right hand)
 t - a ring of wizardry
 B - a +6 ring of intelligence (left hand)
 F - a ring of magical power
Wands
 v - a wand of polymorph (4)
Scrolls
 d - a scroll of vulnerability {unknown}
 f - a scroll of acquirement {unknown}
 h - a scroll of magic mapping {unknown}
 i - 3 scrolls of fog {unknown}
 k - a scroll of amnesia {unknown}
 o - 2 scrolls of identify
 u - a scroll of torment {unknown}
 x - 2 scrolls of poison {unknown}
 y - 2 scrolls of fear
 z - 2 scrolls of summoning {unknown}
 D - a scroll of brand weapon {unknown}
 E - a scroll of immolation {unknown}
 H - 2 scrolls of enchant armour {unknown}
Potions
 b - a potion of magic
 e - a potion of resistance {unknown}
 g - 4 potions of heal wounds {unknown}
 j - 3 potions of brilliance {unknown}
 l - 4 potions of flight {unknown}
 m - a potion of cancellation {unknown}
 n - 2 potions of haste {unknown}
 p - a potion of mutation {unknown}
 q - 6 potions of curing {unknown}
 r - 2 potions of attraction {unknown}
 s - a potion of degeneration {unknown}


   Skills:
 - Level 5.3 Fighting
 - Level 6.4 Polearms
 - Level 7.5 Armour
 - Level 3.0 Dodging
 - Level 2.1 Stealth
 * Level 2.3 Spellcasting
 - Level 10.0 Ice Magic


You had 2 spell levels left.
You knew the following spells:

 Your Spells              Type           Power      Damage    Failure   Level
a - Freeze                Ice            100%       1d10      1%          1
b - Frozen Ramparts       Ice            100%       1d16      1%          3
c - Ozocubu's Armour      Ice            57%        N/A       1%          3
d - Summon Ice Beast      Ice/Summ       32%        N/A       13%         4

Your spell library contained the following spells:

 Spells                   Type           Power      Damage    Failure   Level
 Kiss of Death            Conj/Necr      12%        2d6       10%         1
 Apportation              Tloc           6%         N/A       10%         1
 Necrotise                Necr           12%        1d4       10%         1
 Shock                    Conj/Air       12%        1d3       10%         1
 Summon Small Mammal      Summ           12%        N/A       10%         1
 Gell's Gravitas          Tloc           3%         N/A       30%         3
 Lesser Beckoning         Tloc           6%         N/A       30%         3
 Portal Projectile        Hex/Tloc       6%         N/A       30%         3
 Swiftness                Air            3%         N/A       30%         3
 Teleport Other           Tloc           3%         N/A       30%         3
 Tukima's Dance           Hex            3%         N/A       30%         3
 Metabolic Englaciation   Hex/Ice        16%        N/A       34%         5
 Airstrike                Air            1%         2d(1-17)  69%         4
 Simulacrum               Ice/Necr       16%        N/A       89%         6
 Alistair's Intoxication  Tmut/Pois      2%         N/A       95%         5
 Blade Hands              Tmut           1%         N/A       95%         5
 Malign Gateway           Summ/Tloc      1%         N/A       100%        7
 Summon Horrible Things   Summ           1%         N/A       100%        8


Dungeon Overview and Level Annotations

Branches:
Dungeon (8/15)             Temple (1/1) D:5         Ossuary (visited)
   Lair: D:8-11

Altars:
Elyvilon
Fedhas
Gozag
Hepliaklqana
Kikubaaqudgha
Makhleb
Nemelex Xobeh
Okawaru
Qazlal
Ru
Sif Muna
Trog
Vehumet
Wu Jian
Xom
Yredelemnul
The Shining One


Innate Abilities, Weirdness & Mutations

You are immune to sickness and miasma.
Your stone body is resilient. (AC +7)
You are immune to poison.
You resist negative energy. (rN+)
You are resistant to electric shocks. (rElec)
You are resistant to unholy torment.
You are immune to petrification.


Message History

The icy flash freeze hits you. You partially resist.
You are encased in ice.
The polar bear resists.
The wall freezes the polar bear!
The polar bear bites you but does no damage.
The polar bear closely misses you. The polar bear barely misses you.
You hit the polar bear.
The polar bear is severely wounded.
The rime drake resists.
The wall freezes the rime drake.
The rime drake bites you but does no damage.
The polar bear resists.
The wall freezes the polar bear.
The polar bear bites you!
The polar bear claws you but does no damage.
The polar bear barely misses you.
You are too injured to fight recklessly!
You are too injured to fight recklessly!
Unknown command.
Unknown command.
Unknown command.
As you read the scroll labelled TOT HOMIS MUA, it crumbles to dust.
It is a scroll of identify.
y - 3 scrolls of fear The rime drake resists.
The wall freezes the rime drake.
The rime drake bites you but does no damage.
The polar bear resists.
The wall freezes the polar bear.
The polar bear bites you!
* * * LOW HITPOINT WARNING * * *
The polar bear closely misses you. x2
The wall freezes the polar bear but does no damage.
The polar bear goes berserk!
Unknown command.
Unknown command.
As you read the scroll of fear, it crumbles to dust.
You assume a fearsome visage.
The rime drake looks frightened!
The polar bear is unaffected.
The polar bear resists with some effort.
The rime drake resists.
The wall freezes the rime drake.
Your attack snaps the rime drake out of its fear.
The wall freezes the polar bear but does no damage.
The polar bear bites you!
You die...

.........................
...............<........
......#.................
..#.....................
#.....#................
#.#....#................ .
...k.#................
....#..#................
......h@................
###..:h.................
#.....#................
........................
........................
........................
........................
..#..............................
.................................


You could see 2 polar bears and a rime drake (fleeing, catching breath).

Vanquished Creatures
  Erica (D:8)
  Maggie (D:6)
  Grinder (D:5)
  5 yaks (D:5)
  Eustachio (D:5)
  A steam dragon (D:7)
  A water moccasin (D:8)
  2 black bears
  7 ice beasts
  An ogre (D:6)
  A wolf (D:8)
  A centaur (D:7)
  A phantom (D:5)
  A kobold brigand (D:7)
  A scorpion (D:5)
  A bullfrog (D:8)
  3 wights (D:8)
  A centaur zombie (Ossuary)
  4 hounds
  A jelly (D:8)
  4 orc priests
  3 iguanas
  2 orc wizards
  2 mummies (Ossuary)
  10 gnolls
  3 adders
  An ufetubus (D:4)
  3 worms
  3 dart slugs
  21 orcs
  11 ball pythons
  10 endoplasms
  4 giant cockroaches
  2 gnoll zombies (Ossuary)
  11 goblins
  8 hobgoblins
  2 jackals (D:2)
  6 quokkas
  4 bats
  2 frilled lizards (D:1)
  3 goblin zombies (Ossuary)
  6 hobgoblin zombies (Ossuary)
  11 kobolds
  2 orc zombies (Ossuary)
  7 rats
  A butterfly (D:5)
178 creatures vanquished.

Vanquished Creatures (collateral kills)
  A phantom (D:6)
1 creature vanquished.

Grand Total: 179 creatures vanquished

Notes
Turn   | Place    | Note
-------+----------+-------------------------------------------
     0 | D:1      | gruber the Gargoyle Ice Elementalist began the quest for
                  | the Orb.
     0 | D:1      | Reached XP level 1. HP: 10/10 MP: 3/3
   143 | D:1      | Found a faded altar of an unknown god.
   146 | D:1      | Reached XP level 2. HP: 15/15 MP: 0/5
   569 | D:1      | Reached XP level 3. HP: 19/19 MP: 4/6
   573 | D:1      | Learned a level 3 spell: Frozen Ramparts
   638 | D:1      | Reached skill level 5 in Ice Magic
  1356 | D:2      | Reached XP level 4. HP: 24/24 MP: 2/7
  2093 | D:2      | Learned a level 3 spell: Ozocubu's Armour
  2694 | D:3      | Identified the +7 spear of Defilement {vorpal, rElec rF+
                  | Int+3}
  2986 | D:3      | HP: 1/24 [gnoll/+0 flail (6)]
  2989 | D:3      | Reached skill level 6 in Ice Magic
  3261 | D:3      | Reached XP level 5. HP: 28/28 MP: 4/8
  3435 | D:3      | Reached skill level 1 in Polearms
  3972 | D:4      | Reached XP level 6. HP: 32/32 MP: 3/9
  4107 | D:5      | Entered Level 5 of the Dungeon
  4232 | D:5      | Found a staircase to the Ecumenical Temple.
  4241 | Temple   | Entered the Ecumenical Temple
  4363 | Temple   | Became a worshipper of Vehumet
  4430 | D:5      | Noticed Grinder
  4447 | D:5      | Killed Grinder
  4448 | D:5      | Reached skill level 5 in Polearms
  4448 | D:5      | Reached XP level 7. HP: 30/36 MP: 1/10
  4613 | D:5      | Found a sparkling altar of Nemelex Xobeh.
  4885 | D:5      | Noticed Eustachio
  4900 | D:5      | Killed Eustachio
  5039 | D:5      | Noticed a yak
  5039 | D:5      | Noticed a yak
  5039 | D:5      | Noticed a yak
  5039 | D:5      | Noticed a yak
  5040 | D:5      | Noticed a yak
  5043 | D:5      | Noticed a yak
  5158 | D:5      | Reached skill level 1 in Armour
  5168 | D:5      | Reached XP level 8. HP: 36/41 MP: 11/11
  5176 | D:5      | Learned a level 4 spell: Summon Ice Beast
  5494 | D:5      | Killed a yak
  5637 | D:5      | Killed a yak
  5637 | D:5      | Killed a yak
  5792 | D:5      | Killed a yak
  5807 | D:5      | Killed a yak
  5900 | D:5      | Found a blossoming altar of Fedhas.
  5910 | D:5      | Reached skill level 1 in Fighting
  5910 | D:5      | Reached XP level 9. HP: 47/47 MP: 8/12
  6090 | D:6      | You fall into a shaft and drop 2 floors!
  6211 | D:8      | Reached * piety under Vehumet
  6211 | D:8      | Offered knowledge of Sandblast by Vehumet.
  6256 | D:8      | Found a stormy altar of Qazlal.
  6396 | D:6      | Noticed Maggie
  6407 | D:6      | Killed Maggie
  6408 | D:6      | Reached skill level 5 in Fighting
  6675 | D:6      | Found a sand-covered staircase.
  6686 | Ossuary  | Entered an ossuary
  6843 | Ossuary  | Offered knowledge of Kiss of Death by Vehumet.
  6960 | D:6      | Reached ** piety under Vehumet
  8070 | D:7      | Reached skill level 7 in Ice Magic
  8466 | D:7      | Reached skill level 8 in Ice Magic
  8614 | D:8      | Noticed Erica
  8634 | D:8      | Killed Erica
  8635 | D:8      | Reached skill level 9 in Ice Magic
  8635 | D:8      | Reached XP level 10. HP: 57/59 MP: 6/13
  9069 | D:8      | Reached skill level 10 in Ice Magic
  9280 | D:8      | Slain by a polar bear

Illustrated notes

Levels and vault maps discovered:
D:1:      lordsloth_arrival_two_stooges, layout_basic,
          shapermc_ecumenical_altar_acropolis, minmay_misc_feat_ornament
D:2:      layout_basic, minmay_octomino_c4
D:3:      layout_basic, minmay_liquid_box, kennysheep_big_empty_room,
          minivault_4, hex_medium, corexii_item_surrounded_by_moat,
          small_statue_alley_b
D:4:      layout_rooms
D:5:      layout_basic, nemelex_altar_shiori,
          mainiacjoe_overflow_six_doors_small, minmay_temple_entry_butterflies,
          chequers_serial_rivers_micro_c, uniq_grinder, uniq_eustachio
D:6:      layout_basic, nicolae_ossuary_entry_ruins, portal_sewer_entry_b,
          uniq_maggie
D:7:      layout_gridville
D:8:      layout_layer_cave, nicolae_qazlal_style_of_elements,
          hellmonk_lair_entry_icy, uniq_erica
Temple:   nicolae_temple_two_arcs

Skill      XL: |  1  2  3  4  5  6  7  8  9 10 |
---------------+-------------------------------+-----
Ice Magic      | 5 6 9 10 | 10.0
Polearms       | 2 5 6 |  6.4
Armour         | 2 7 |  7.5
Fighting       | 1 5 |  5.3
Dodging        | 3 |  3.0
Stealth        | |  2.1
Spellcasting   | |  2.3

Action                   |  1- 3 |  4- 6 |  7- 9 | 10-12 || total
-------------------------+-------+-------+-------+-------++-------
Melee: Unarmed           |    22 |       |       |       ||    22
       Dagger            |       |    17 |       |       ||    17
       Spear             |       |    59 |   212 |    60 ||   331
       Punch             |       |     1 |     1 |       ||     2
 Cast: Freeze            |    54 |    35 |       |       ||    89
       Frozen Ramparts   |       |     8 |    22 |     4 ||    34
       Ozocubu's Armour  |       |     4 |    19 |     5 ||    28
       Summon Ice Beast  |       |       |     2 |       ||     2
Evoke: Wand              |       |       |     6 |       ||     6
  Use: Scroll            |       |       |       |     2 ||     2
 Stab: Sleeping          |       |     3 |     1 |       ||     4
Armor: Robe              |    14 |    20 |     1 |       ||    35
       Leather armour    |       |       |    73 |    22 ||    95
Dodge: Dodged            |    30 |    39 |    68 |    29 ||   166

Table legend: (Time is in decaauts)
 A = Elapsed time spent in this place.
 B = Non-inter-level travel time spent in this place.
 C = Inter-level travel time spent in this place.
 D = Time resting spent in this place.
 E = Time spent auto-exploring this place.
 F = Levels seen in this place.
 G = Mean time per level.
                   A        B        C        D        E       F      G
               +--------+--------+--------+--------+--------+-----+--------+
         Total |   9230 |   8855 |    375 |    182 |   7310 |  10 |  923.0 |
       Dungeon |   8877 |   8510 |    367 |    182 |   7056 |   8 | 1109.6 |
        Temple |    130 |    122 |      8 |      0 |    106 |   1 |  130.0 |
       Ossuary |    222 |    222 |      0 |      0 |    148 |   1 |  222.0 |
               +--------+--------+--------+--------+--------+-----+--------+

Top non-repeatable levels by time:
     D:5: 1795 daAuts
     D:2: 1487 daAuts
     D:6: 1323 daAuts
     D:3: 1091 daAuts
     D:8: 946 daAuts
     D:1: 933 daAuts
     D:7: 705 daAuts
     D:4: 594 daAuts
 Ossuary: 222 daAuts
  Temple: 130 daAuts
